 Dungeon Crawl Stone Soup version 0.27-a0-920-gb2bd10914a (webtiles) character file.

Game seed: 2541794795369369292

240 jestyr24 the Stinger (level 6, 0/42 HPs)
             Began as a Merfolk Venom Mage on Apr 9, 2021.
             Slain by an orc wizard
             ... wielding a +0 dagger
              (2 damage)
             ... on level 4 of the Dungeon on Apr 10, 2021.
             The game lasted 00:26:55 (4041 turns).

jestyr24 the Stinger (Merfolk Venom Mage)           Turns: 4041, Time: 00:26:56

Health: 0/42       AC:  3    Str:  8    XL:     6   Next: 8%
Magic:  7/10       EV: 13    Int: 16    God:
Gold:   63         SH:  0    Dex: 15    Spells: 1/11 levels left

rFire    . . .     SeeInvis .   p - +0 spear
rCold    . . .     Faith    .   (no shield)
rNeg     . . .     Spirit   .   a - +0 robe
rPois    .         Reflect  +   (no helmet)
rElec    .         Harm     .   (no cloak)
rCorr    .         Rampage  .   g - +0 pair of gloves
Will     .....                  (no boots)
Stlth    +.........             i - amulet of reflection
HPRegen  0.14/turn              (no ring)
MPRegen  0.12/turn              (no ring)

@: confused
A: (nimble swimmer 2), mertail
a: no special abilities


You were on level 4 of the Dungeon.
You visited 1 branch of the dungeon, and saw 4 of its levels.

You collected 63 gold pieces.

Inventory:

Hand Weapons
 h - a +0 rapier
 p - a +0 spear (weapon)
 r - a +3 short sword
Armour
 a - a +0 robe (worn)
 g - a +0 pair of gloves (worn)
 k - a +3 scale mail
Magical Staves
 f - a staff of earth
Jewellery
 d - a ring of ice
 i - an amulet of reflection (around neck)
Wands
 q - a wand of mindburst (14)
Scrolls
 j - a scroll of identify {unknown}
 n - a scroll of magic mapping {unknown}
 o - a scroll of brand weapon {unknown}
Potions
 b - 3 potions of curing {unknown}
 c - a potion of berserk rage {unknown}
 e - a potion of attraction {unknown}
 l - 2 potions of heal wounds {unknown}
 m - a potion of magic {unknown}


   Skills:
 + Level 0.8 Fighting
 - Level 1.1 Short Blades
 + Level 2.0 Polearms
 + Level 3.8 Dodging
 + Level 2.4 Stealth
 + Level 0.1 Shields
 * Level 3.2 Spellcasting
 + Level 2.7 Transmutations
 - Level 0.2 Air Magic
 * Level 4.7 Poison Magic


You had one spell level left.
You knew the following spells:

 Your Spells              Type           Power      Damage    Failure   Level
a - Sting                 Tmut/Pois      56%        1d5       4%          1
b - Poisonous Vapours     Pois/Air       20%        N/A       10%         2
c - Ignite Poison         Fire/Tmut/Pois 10%        N/A       21%         3
d - Olgreb's Toxic Radia  Pois           17%        N/A       26%         4

Your spell library contained the following spells:

 Spells                   Type           Power      Damage    Failure   Level
 Animate Skeleton         Necr           4%         N/A       19%         1
 Apportation              Tloc           4%         N/A       19%         1
 Corona                   Hex            2%         N/A       19%         1
 Magic Dart               Conj           8%         1d3       19%         1
 Summon Small Mammal      Summ           8%         N/A       19%         1
 Blink                    Tloc           N/A        N/A       28%         2
 Call Imp                 Summ           2%         N/A       28%         2
 Slow                     Hex            2%         N/A       28%         2
 Mephitic Cloud           Conj/Pois/Air  7%         N/A       28%         3
 Conjure Flame            Conj/Fire      2%         6-21      50%         3


Dungeon Overview and Level Annotations

Branches:
Dungeon (4/15)
 Temple: D:4-7

Altars:
Kikubaaqudgha
Trog

Annotations:
D:4 Ijyb, Sigmund


Innate Abilities, Weirdness & Mutations

((You are quick and stealthy near water. (Stealth+, EV+, Speed+++)))
Your lower body shifts to a powerful aquatic tail in water.


Message History

Ijyb barely misses you. Something hits you.
You barely miss something. Ijyb hits you with a +0 club. Something hits you.
You're too confused to cast spells.
You bump into the rock wall.
Ijyb zaps a wand.
You resist with some effort. Something hits you.
You're too confused to cast spells.
You bump into the rock wall.
Ijyb hits you with a +0 club. Something hits you.
You're too confused to cast spells.
You bump into the rock wall.
You feel less confused.
Ijyb zaps a wand.
Your will is overpowered!
You are confused.
Something hits you.
You're too confused to cast spells.
You're too confused to move!
Ijyb hits you with a +0 club!
* * * LOW HITPOINT WARNING * * *
Something hits you but does no damage. Something barely misses you.
You're too confused to cast spells.
Sorry, you're not good enough to have a special ability.
You're too confused to move!
Ijyb closely misses you.
You hear some strange, mumbled words.
You are more confused.
You completely miss Ijyb.
Ijyb is severely wounded.
Ijyb barely misses you.
You hear some strange, mumbled words.
A puff of flame appears from out of thin air!
The puff of flame hits you!
* * * LOW HITPOINT WARNING * * *
Press: ? - help, v - describe, . - travel The floor.
You're too confused to cast spells.
You barely miss Ijyb.
Ijyb is severely wounded.
Ijyb misses you. Something hits you.
* * * LOW HITPOINT WARNING * * *
You closely miss something.
Ijyb zaps a wand.
You resist with some effort. Something hits you.
You die...

### ### #.. ..#
#.######.# #.#
#.#...##.# ###.#
#@.# #.#.#####...#
#g.# #..g.)...?...
#..###.#.###......
#<#...##.# #......
#........# #..o...
##.#(##### #..o<.
#...# ##...# ##.##
###.# #.# #.#


You could see Ijyb (poisoned).

Vanquished Creatures
  Purgy (D:3)
  An iguana (D:4)
  An orc wizard (D:4)
  A gnoll (D:3)
  2 adders (D:2)
  An adder zombie (D:3)
  A worm (D:3)
  2 orcs (D:3)
  5 endoplasms
  6 giant cockroaches
  4 goblins
  11 hobgoblins
  A jackal (D:3)
  5 kobolds
  2 quokkas
  7 ball pythons
  4 bats
  3 frilled lizards
  4 rats
62 creatures vanquished.

Notes
Turn   | Place    | Note
-------+----------+-------------------------------------------
     0 | D:1      | jestyr24 the Merfolk Venom Mage began the quest for the
                  | Orb.
     0 | D:1      | Reached XP level 1. HP: 13/13 MP: 3/3
     7 | D:1      | You fall into a shaft and drop 1 floor!
   166 | D:2      | Reached XP level 2. HP: 15/19 MP: 1/5
   501 | D:2      | Reached skill level 4 in Poison Magic
   501 | D:2      | Reached XP level 3. HP: 16/24 MP: 0/6
  1873 | D:1      | Found a faded altar of an unknown god.
  2278 | D:3      | Learned a level 2 spell: Poisonous Vapours
  2360 | D:3      | Reached XP level 4. HP: 30/30 MP: 4/7
  2533 | D:3      | Found a bloodstained altar of Trog.
  2535 | D:3      | Found an ancient bone altar of Kikubaaqudgha.
  2589 | D:3      | Noticed Purgy
  2620 | D:3      | Killed Purgy
  2621 | D:3      | Reached XP level 5. HP: 23/36 MP: 1/9
  2768 | D:3      | Reached skill level 1 in Short Blades
  3359 | D:4      | Noticed Sigmund
  3645 | D:4      | Noticed Ijyb
  3824 | D:3      | Learned a level 3 spell: Ignite Poison
  3829 | D:3      | Learned a level 4 spell: Olgreb's Toxic Radiance
  3847 | D:4      | Reached XP level 6. HP: 27/42 MP: 2/10
  4039 | D:4      | HP: 2/42 [something (1)]
  4041 | D:4      | Slain by an orc wizard

Illustrated notes

Levels and vault maps discovered:
D:1:      sevenhm_arrival_forest_fort_small_1, layout_basic,
          hellmonk_ecumenical_altar_run_dry
D:2:      layout_loops_ring
D:3:      minmay_razor_zed, layout_rooms,
          chequers_temple_overflow_statue_of_worship, uniq_purgy
D:4:      kennysheep_kobold_camp, layout_loops_corners, uniq_ijyb, uniq_sigmund

Skill      XL: |  1  2  3  4  5 |
---------------+----------------+-----
Dodging        | 3 |  3.8
Poison Magic   | 4 |  4.7
Transmutations | 2 |  2.7
Spellcasting   | 3 |  3.2
Short Blades   | 1 |  1.1
Polearms       | 2 |  2.0
Fighting       | |  0.8
Stealth        | |  2.4
Shields        | |  0.1
Air Magic      | |  0.2

Action                   |  1- 3 |  4- 6 || total
-------------------------+-------+-------++-------
Melee: Short sword       |    17 |       ||    17
       Rapier            |    25 |    65 ||    90
       Spear             |       |    52 ||    52
 Cast: Sting             |    51 |    34 ||    85
       Poisonous Vapours |     4 |    12 ||    16
Evoke: Wand              |       |     1 ||     1
 Stab: Sleeping          |       |     1 ||     1
Armor: Robe              |    12 |    34 ||    46
Dodge: Dodged            |    44 |   115 ||   159
Block: Other             |     6 |    41 ||    47

Table legend: (Time is in decaauts)
 A = Elapsed time spent in this place.
 B = Non-inter-level travel time spent in this place.
 C = Inter-level travel time spent in this place.
 D = Time resting spent in this place.
 E = Time spent auto-exploring this place.
 F = Levels seen in this place.
 G = Mean time per level.
                   A        B        C        D        E       F      G
               +--------+--------+--------+--------+--------+-----+--------+
         Total |   4066 |   3905 |    161 |   1277 |   1883 |   4 | 1016.5 |
       Dungeon |   4066 |   3905 |    161 |   1277 |   1883 |   4 | 1016.5 |
               +--------+--------+--------+--------+--------+-----+--------+

Top non-repeatable levels by time:
     D:3: 1740 daAuts
     D:2: 1258 daAuts
     D:1: 987 daAuts
     D:4: 81 daAuts
